 Dungeon Crawl Stone Soup version 0.23-a0-451-g1044d4c (webtiles) character file.

6047 Atlas the Magician (level 10, -4/73 HPs)
             Began as a Mummy Necromancer on Nov 24, 2018.
             Was an Initiate of Gozag.
             Slain by a two-headed ogre
             ... wielding a +0 giant club
              (12 damage)
             ... on level 9 of the Dungeon.
             The game lasted 00:20:49 (14075 turns).

Atlas the Magician (Mummy Necromancer)             Turns: 14075, Time: 00:20:51

Health: -4/73      AC:  9    Str: 19    XL:     10   Next: 57%
Magic:  14/30      EV: 18    Int: 18    God:    Gozag
Gold:   731        SH:  0    Dex: 17    Spells: 20/24 levels left

rFire    x . .     SeeInvis .   j - +2 halberd (venom)
rCold    + . .     Gourm    .   (shield currently unavailable)
rNeg     + + +     Faith    .   a - +0 ring mail
rPois    ∞         Spirit   .   h - +1 helmet
rElec    .         Reflect  .   l - +0 cloak
rCorr    .         Harm     .   (no gloves)
MR       +....                  (no boots)
Stlth    +++.......             (no amulet)
HPRegen  0.22/turn              p - +2 ring of strength
MPRegen  0.22/turn              g - ring of magical power

@: mighty, agile
A: no food or potions, fire vulnerability, cold resistance 1, negative energy
resistance 3, torment resistance, unbreathing
a: Potion Petition, Call Merchant, Bribe Branch, Renounce Religion


You were on level 9 of the Dungeon.
You worshipped Gozag.
Gozag was pleased with you.
You were not hungry.

You visited 1 branch of the dungeon, and saw 9 of its levels.
You also visited: Sewer.

You collected 1322 gold pieces.
You paid 591 gold pieces to Gozag.

Inventory:

Hand Weapons
 j - a +2 halberd of venom (weapon)
 k - a +0 rapier of electrocution
Armour
 a - a +0 ring mail (worn)
 h - a +1 helmet (worn)
 l - a +0 cloak (worn)
Jewellery
 g - a ring of magical power (right hand)
 m - a +3 ring of dexterity
 p - a +2 ring of strength (left hand)
Scrolls
 b - a scroll of enchant armour
 c - 4 scrolls of teleportation
 d - a scroll of enchant weapon
 f - 7 scrolls of identify
 i - 2 scrolls of magic mapping
 n - a scroll of random uselessness {unknown}
 o - 2 scrolls of remove curse


   Skills:
 + Level 4.6 Fighting
   Level 1.0(4.9) Axes
 + Level 7.7(7.8) Polearms
 + Level 5.5 Armour
 + Level 3.7 Dodging
 + Level 3.0 Stealth
 + Level 7.9 Spellcasting
 + Level 7.2 Necromancy


You had 20 spell levels left.
You knew the following spells:

 Your Spells              Type           Power        Failure   Level  Hunger
a - Pain                  Necr           ####         1%          1    N/A
c - Vampiric Draining     Necr           ####......   2%          3    N/A

Your spell library contained the following spells:

 Spells                   Type           Power        Failure   Level  Hunger
 Animate Skeleton         Necr           N/A          1%          1    N/A
 Animate Dead             Necr           N/A          9%          4    N/A
 Summon Small Mammal      Summ           #...         16%         1    N/A
 Call Imp                 Summ           #.......     24%         2    N/A
 Call Canine Familiar     Summ           #.......     43%         3    N/A
 Summon Guardian Golem    Hex/Summ       #.......     43%         3    N/A
 Summon Ice Beast         Ice/Summ       #.......     85%         4    N/A
 Summon Lightning Spire   Summ/Air       #.......     85%         4    N/A
 Regeneration             Chrm/Necr      Unusable     N/A         3    N/A

Dungeon Overview and Level Annotations

Branches:
Dungeon (9/15)             Temple (0/1) D:7            Lair (0/6) D:8
    Orc: D:9-12

Altars:
Dithmenos
Elyvilon
Fedhas
Gozag
Makhleb
Qazlal
Ru
Uskayaw
Xom
Yredelemnul
Zin
The Shining One

Shops:
D:9 =


Innate Abilities, Weirdness & Mutations

You do not eat or drink.
Your flesh is vulnerable to fire.
You are immune to poison.
Your flesh is cold resistant. (rC+)
You are immune to negative energy. (rN+++)
You are immune to unholy pain and torment.
You can survive without breathing.


Message History

[a] - 0 gold - heal wounds, curing, might and agility [b] - 0 gold - heal wounds and curing [c] - 0 gold - heal wounds, curing, flight, agility and invisibility Purchase which effect?
You feel much better.
You feel better.
You feel very mighty all of a sudden.
You feel agile all of a sudden. The two-headed ogre barely misses you.
The two-headed ogre hits you with a +0 giant spiked club!
Casting: Vampiric Draining (safe; 2% risk of failure)
Confirm with . or Enter, or press ? or * to list all spells.
Aiming: Vampiric Draining (safe; 2% risk of failure)
Press: ? - help, Shift-Dir - straight line, f/p - two-headed ogre
Aim: a two-headed ogre, wielding a +0 giant club and a +0 giant spiked club The two-headed ogre is severely wounded.
You feel life coursing into your body.
The two-headed ogre hits you with a +0 giant club!!
* * * LOW HITPOINT WARNING * * *
The two-headed ogre hits you with a +0 giant spiked club!
You die...
Your body crumbles into a pile of gold.

.8. .......... ........ ....
#.8≈≈≈≈≈≈≈≈ ≈≈≈≈≈≈≈≈ .....
#.≈8≈≈≈≈≈≈≈≈ ≈≈≈≈≈≈≈≈
.....###.≈≈.'#################
.........≈≈.#.............
.........≈≈##.............
#....$....$.$...8... #.
#..≈≈##O............
#.#####..≈≈.#@..........o.
#........≈≈.+#################
#........≈8≈≈≈≈≈≈≈≈≈≈≈≈≈≈≈≈≈≈≈
#........8≈≈≈≈≈≈≈≈≈≈≈≈≈≈≈≈≈≈≈≈
#.............................
#.......#....#.#.#.#......# .
#....##)#.)).).#...#..[...# .
#.......#..).#.###.#......# .
#.......#..(.#.....#......# .


You could see a two-headed ogre.

Vanquished Creatures
  3 two-headed ogres
  Sigmund (D:6)
  Eustachio (D:6)
  2 wargs (D:8)
  A black bear (D:7)
  5 orc warriors
  A phantom (D:9)
  4 ogres
  A sky beast (D:9)
  2 centaurs
  2 big kobolds
  5 bullfrogs
  A gnoll sergeant (D:6)
  A wyvern zombie (D:6)
  A scorpion (D:9)
  3 wights (D:6)
  An electric eel (D:9)
  A howler monkey (D:8)
  A crimson imp (D:7)
  A centaur zombie (D:6)
  6 jellies
  Crazy Yiuf (D:6)
  10 hounds
  3 centaur skeletons
  6 orc priests
  8 orc wizards
  A bullfrog skeleton (D:8)
  3 iguanas
  4 worker ants
  A hound zombie (D:6)
  8 gnolls
  A howler monkey skeleton (D:9)
  5 adders
  2 shadow imps
  3 oozes
  2 adder zombies
  3 worms
  A dart slug (D:4)
  2 leopard geckos
  44 orcs
  6 giant cockroaches
  6 goblins
  10 hobgoblins
  8 jackals
  3 quokkas
  A ball python (D:3)
  A ball python skeleton (D:5)
  9 bats
  3 frilled lizards
  15 kobolds
  A leopard gecko zombie (D:6)
  A quokka zombie (D:6)
  12 rats
228 creatures vanquished.

Notes
Turn   | Place    | Note
-------+----------+-------------------------------------------
     0 | D:1      | Atlas the Mummy Necromancer began the quest for the Orb.
     0 | D:1      | Reached XP level 1. HP: 13/13 MP: 4/4
   604 | D:1      | Reached XP level 2. HP: 19/19 MP: 1/5
  1508 | D:1      | Reached XP level 3. HP: 24/24 MP: 5/7
  1513 | D:1      | Learned a level 3 spell: Vampiric Draining
  1648 | D:2      | Found a faded altar of an unknown god.
  2008 | D:2      | Reached XP level 4. HP: 28/30 MP: 3/10
  2649 | D:2      | Reached skill level 1 in Axes
  3456 | D:3      | Reached XP level 5. HP: 35/35 MP: 11/11
  3836 | D:4      | Reached skill level 5 in Necromancy
  3974 | D:4      | Reached skill level 1 in Armour
  3979 | D:4      | Reached skill level 1 in Fighting
  3979 | D:4      | Reached skill level 1 in Polearms
  3979 | D:4      | Reached XP level 6. HP: 25/43 MP: 13/13
  4131 | D:4      | Found a glowing drain.
  4142 | Sewer    | Entered a sewer
  4342 | Sewer    | Found a white marble altar of Elyvilon.
  4872 | D:5      | Entered Level 5 of the Dungeon
  5402 | D:5      | Found a sacrificial altar of Ru.
  5409 | D:5      | Found an opulent altar of Gozag.
  5409 | D:5      | Found a shimmering altar of Xom.
  5409 | D:5      | Found a basalt altar of Yredelemnul.
  5411 | D:5      | Found a hide-covered altar of Uskayaw.
  5418 | D:5      | Became a worshipper of Gozag Ym Sagoz the Greedy
  5531 | D:5      | Found a blossoming altar of Fedhas.
  5549 | D:5      | Reached XP level 7. HP: 38/48 MP: 14/14
  6282 | D:5      | Found a shadowy altar of Dithmenos.
  6342 | D:6      | Found a stormy altar of Qazlal.
  7242 | D:6      | Noticed Sigmund
  7262 | D:6      | Killed Sigmund
  7262 | D:6      | Reached skill level 5 in Spellcasting
  7262 | D:6      | Reached XP level 8. HP: 44/57 MP: 11/15
  7727 | D:6      | Noticed Eustachio
  7743 | D:6      | Killed Eustachio
  7877 | D:6      | Found a runed door.
  8202 | D:6      | Noticed Crazy Yiuf
  8207 | D:6      | Killed Crazy Yiuf
  8327 | D:7      | Found a burning altar of Makhleb.
  8483 | D:7      | Reached skill level 5 in Polearms
  8863 | D:5      | Found a white marble altar of Elyvilon.
  9322 | D:7      | Found a staircase to the Ecumenical Temple.
  9588 | D:8      | Reached XP level 9. HP: 63/63 MP: 17/17
  9590 | D:8      | Noticed a two-headed ogre
 10699 | D:8      | Noticed a two-headed ogre
 10992 | D:7      | Killed a two-headed ogre
 11690 | D:8      | Found a staircase to the Lair.
 12357 | D:8      | Killed a two-headed ogre
 12357 | D:8      | Reached skill level 5 in Armour
 12357 | D:8      | Reached XP level 10. HP: 44/71 MP: 19/21
 12591 | D:9      | Noticed a two-headed ogre
 12610 | D:9      | Killed a two-headed ogre
 13217 | D:9      | Found a glowing golden altar of the Shining One.
 13241 | D:9      | Noticed a two-headed ogre
 13257 | D:9      | Found a glowing silver altar of Zin.
 14072 | D:9      | HP: 2/73 [two-headed ogre/+0 giant club (20)]
 14075 | D:9      | Slain by a two-headed ogre

Vault maps used:
D:1:      moated_graveyard_arrival
D:2:      chequers_ecumenical_altar_simple_redux
D:4:      portal_sewer_entry_b, first_ration, hangedman_decor_diamond_cutter
D:5:      lemuel_upstairs_altar, minitemple, fedhas_bush_and_centaur_altar,
          grunt_dithmenos_smoke_and_mirrors, serial_rivers,
          chequers_serial_rivers_room_a, chequers_serial_rivers_small_b,
          chequers_serial_rivers_micro_e, chequers_serial_rivers_room_a,
          chequers_serial_rivers_small_3, nrook_loot_triangle
D:6:      nicolae_qazlal_general_emergency, uniq_crazy_yiuf_cottage,
          uniq_eustachio, uniq_sigmund
D:7:      bloody_makhleb, temple_green, grunt_ogre_cave, minmay_door_square
D:8:      erik_lair_orcish_takeover
D:9:      kennysheep_mini, tso_oasis_becter, erik_orc_2, serial_column_ruins,
          column_ruins_hut_pillars, column_ruins_hut,
          column_ruins_columns_corner, column_ruins_grid_1,
          column_ruins_columns_water, column_ruins_grid_3
Sewer:    sewer_kobolds

Skill      XL: |  1  2  3  4  5  6  7  8  9 10 |
---------------+-------------------------------+-----
Spellcasting   | 3 4 5 7 |  7.9
Axes           | 1 |  1.0
Dodging        | 2 3 |  3.7
Necromancy     | 5 6 7 |  7.2
Armour         | 1 3 5 |  5.5
Fighting       | 1 2 3 4 |  4.6
Polearms       | 1 2 4 5 7 |  7.7
Stealth        | 2 3 |  3.0

Action                   |  1- 3 |  4- 6 |  7- 9 | 10-12 || total
-------------------------+-------+-------+-------+-------++-------
Melee: Unarmed           |     7 |       |       |       ||     7
       Hand axe          |    12 |    61 |       |       ||    73
       Halberd           |       |   150 |   316 |   113 ||   579
 Cast: Pain              |    58 |    17 |    11 |     5 ||    91
       Vampiric Draining |       |    11 |    34 |    16 ||    61
Invok: Potion Petition   |       |       |       |     1 ||     1
       Call Merchant     |       |       |       |     1 ||     1
  Use: Scroll            |       |     7 |     5 |     1 ||    13
 Stab: Sleeping          |       |     2 |     3 |       ||     5
       Distracted        |       |       |     2 |       ||     2
Armor: Robe              |     6 |       |       |       ||     6
       Ring mail         |       |   146 |   109 |    28 ||   283
Dodge: Dodged            |    16 |   165 |   214 |    41 ||   436

Table legend:
 A = Non-vault XP
 B = Vault XP
 C = Vault XP percentage of total XP
 D = Non-vault monster count
 E = Vault monster count
 F = Vault count percentage of total count
                 A         B        C        D         E       F
            +---------+---------+-------+---------+---------+-------
      Total |    6580 |    2059 |  23.8 |     186 |      42 |  18.4
            +---------+---------+-------+---------+---------+-------
        D:1 |      45 |       0 |   0.0 |      22 |       0 |   0.0
        D:2 |     128 |       0 |   0.0 |      26 |       0 |   0.0
        D:3 |      39 |       0 |   0.0 |      13 |       0 |   0.0
        D:4 |     190 |       7 |   3.6 |      11 |       2 |  15.4
        D:5 |     308 |     110 |  26.3 |      16 |       1 |   5.9
        D:6 |     882 |     460 |  34.3 |      26 |       3 |  10.3
        D:7 |    1778 |     252 |  12.4 |      32 |       2 |   5.9
        D:8 |    1435 |     449 |  23.8 |      18 |       7 |  28.0
        D:9 |    1775 |     671 |  27.4 |      22 |      16 |  42.1
      Sewer |       0 |     110 | 100.0 |       0 |      11 | 100.0
            +---------+---------+-------+---------+---------+-------
